 Dungeon Crawl Stone Soup version 0.20.1-1-g8b1a95d (webtiles) character file.

167 Gremour the Chopper (level 5, -3/45 HPs)
             Began as a Hill Orc Fighter on Nov 1, 2017.
             Slain by an ogre
             ... wielding a +0 giant club
              (19 damage)
             ... on level 4 of the Dungeon.
             The game lasted 00:13:57 (2554 turns).

Gremour the Chopper (Hill Orc Fighter)              Turns: 2554, Time: 00:13:58

Health: -3/45      AC:  8    Str: 19    XL:     5   Next: 48%
Magic:  5/5        EV:  7    Int:  8    God:
Gold:   219        SH:  9    Dex: 11    Spells: 4/4 levels left

rFire    . . .     SeeInvis .   a - +0 war axe
rCold    . . .     Gourm    .   c - +0 shield
rNeg     . . .     Faith    .   b - +0 scale mail
rPois    .         Spirit   .   (no helmet)
rElec    .         Reflect  .   (no cloak)
rCorr    +         Harm     .   l - +0 pair of gloves
MR       .....                  (no boots)
Stlth    ..........             (no amulet)
Regen    0.2/turn               g - ring of resist corrosion
MPRegen  0.1/turn               (no ring)

@: no status effects
A: no striking features
a: no special abilities


You were on level 4 of the Dungeon.
You were not hungry.

You visited 1 branch of the dungeon, and saw 4 of its levels.

You collected 219 gold pieces.

Inventory:

Hand Weapons
 a - a +0 war axe (weapon)
 m - a cursed -2 spear
Armour
 b - a +0 scale mail (worn)
 c - a +0 shield (worn)
 l - a +0 pair of gloves (worn)
Jewellery
 g - a ring of resist corrosion (left hand)
 q - an uncursed amulet of faith
Scrolls
 e - 9 scrolls of identify {unknown}
 j - a scroll of fear {unknown}
 o - a scroll of blinking {unknown}
 t - a scroll of amnesia {unknown}
 v - 2 scrolls of teleportation {unknown}
 x - a scroll of noise {unknown}
Potions
 d - 2 potions of might
 h - a potion of heal wounds {unknown}
 i - 2 potions of agility {unknown}
 k - a potion of cancellation {unknown}
 n - 2 potions of curing {unknown}
 p - 3 potions of flight {unknown}
 s - 2 potions of degeneration {unknown}
 u - a potion of mutation {unknown}
Comestibles
 f - 2 bread rations
 r - a fruit
 w - a chunk of flesh


   Skills:
 - Level 3.6 Fighting
 * Level 7.3 Axes
 - Level 3.2 Armour
 - Level 3.2 Shields


You had 4 spell levels left.
You didn't know any spells.

Dungeon Overview and Level Annotations

Branches:
Dungeon (4/15)
 Temple: D:4-7

Altars:


Message History

Eat one of 2 chunks of flesh? (ye/n/q)
You eat one of the 2 chunks of flesh.
This raw flesh tastes terrible.
There is a stone staircase leading up here.
Found 17 poisoned needles.
Found 14 sling bullets.
You see here 17 poisoned needles.
You see here 14 sling bullets.
Found a plate armour.
Found two stone staircases leading down and a stone staircase leading up.
An ogre and a shadow imp come into view.
The ogre shouts!
Found 6 gold pieces.
The shadow imp shouts, "Scamper hence, thou weedy fat-kidneyed minnow reeky!"
Your shield prevents you from hitting the ogre.
The ogre hits you with a giant club!
You closely miss the ogre.
The shadow imp sputters.
The ogre hits you with a giant club!
You barely miss the ogre. The ogre hits you with a giant club!!
You die...

##.#..##.#
#...#
......#.###.###
##.#....##.#
#.#..#....#
......#.##
..... #.#
#.#####.# #.#
#..[....####.#
######..5O@..#
#...######
#...# #...#
#........#
...>.....$.#
......<........
#.....>......##
#####........#


You could see an ogre and a shadow imp.

Vanquished Creatures
  3 gnolls (D:3)
  6 adders
  2 worms (D:2)
  2 dart slugs
  3 leopard geckos
  An orc (D:3)
  4 giant cockroaches
  8 goblins
  4 hobgoblins
  6 jackals
  3 quokkas
  3 ball pythons
  8 bats
  3 frilled lizards
  7 kobolds
  5 rats
68 creatures vanquished.

Notes
Turn   | Place    | Note
-------+----------+-------------------------------------------
     0 | D:1      | Gremour the Hill Orc Fighter began the quest for the Orb.
     0 | D:1      | Reached XP level 1. HP: 19/19 MP: 1/1
    10 | D:1      | Reached skill level 3 in Axes
   165 | D:1      | Reached XP level 2. HP: 20/26 MP: 2/2
   223 | D:1      | Reached skill level 4 in Axes
   750 | D:2      | Reached XP level 3. HP: 16/31 MP: 3/3
  1115 | D:2      | Reached skill level 5 in Axes
  1255 | D:2      | Reached XP level 4. HP: 33/39 MP: 4/4
  1451 | D:2      | Reached skill level 6 in Axes
  2032 | D:3      | Found a faded altar of an unknown god.
  2272 | D:3      | Reached XP level 5. HP: 42/45 MP: 5/5
  2385 | D:3      | Reached skill level 7 in Axes
  2544 | D:4      | Noticed an ogre
  2554 | D:4      | Slain by an ogre

Skill      XL: |  1  2  3  4  5 |
---------------+----------------+-----
Axes           | 3 4 5 6 7 |  7.3
Fighting       | |  3.6
Armour         | |  3.2
Shields        | |  3.2

Action                   |  1- 3 |  4- 6 || total
-------------------------+-------+-------++-------
Melee: War axe           |    91 |   137 ||   228
  Eat: Chunk             |     1 |     5 ||     6
Armor: Scale mail        |    41 |    55 ||    96
Dodge: Dodged            |    30 |    38 ||    68
Block: Shield            |    41 |    75 ||   116
